 Dungeon Crawl Stone Soup version 0.29.1-15-g9cfb28693d (webtiles) character file.

Game seed: 2262854575290876017

9 protoss039 the Digger (level 2, 0/20 HPs)
             Began as a Demonspawn Earth Elementalist on Mar 21, 2023.
             Slain by an endoplasm (1 damage)
             ... on level 1 of the Dungeon.
             The game lasted 00:00:39 (431 turns).

protoss039 the Digger (DsEE)                         Turns: 431, Time: 00:00:40

Health: 0/20       AC:  3    Str:  8    XL:     2   Next: 6%
Magic:  3/5        EV: 12    Int: 18    God:
Gold:   20         SH:  0    Dex: 13    Spells: 4/5 levels left

rFire   . . .      SeeInvis .   e - +0 short sword
rCold   . . .      Faith    .   (no shield)
rNeg    . . .      Spirit   .   a - +0 robe
rPois   .          Reflect  .   d - +0 helmet
rElec   .          Harm     .   (no cloak)
rCorr   .          Rampage  .   (no gloves)
Will    .....                   (no boots)
Stlth   +.........              (no amulet)
HPRegen 0.06/turn               (no ring)
MPRegen 0.09/turn               (no ring)

@: silenced (expiring)
A: big brain 1
a: no special abilities


You were on level 1 of the Dungeon.
You visited 1 branch of the dungeon, and saw 1 of its levels.

You collected 20 gold pieces.

Inventory:

Hand Weapons
 e - a +0 short sword (weapon)
Armour
 a - a +0 robe (worn)
 d - a +0 helmet (worn)
Potions
 b - a potion of magic


   Skills:
 + Level 0.8 Fighting
 - Level 1.7 Dodging
 - Level 1.7 Stealth
 + Level 2.2 Spellcasting
 - Level 0.8 Transmutations
 + Level 2.9 Earth Magic


You had 4 spell levels left.
You knew the following spells:

 Your Spells              Type           Power      Damage    Failure   Level
a - Sandblast             Erth           24%        2d8       5%          1

Your spell library contained the following spells:

 Spells                   Type           Power      Damage    Failure   Level
 Passwall                 Tmut/Erth      6%         N/A       12%         2
 Stone Arrow              Conj/Erth      14%        3d7       28%         3
 Petrify                  Tmut/Erth      8%         N/A       63%         4


Dungeon Overview and Level Annotations

Branches:
Dungeon (1/15) Zot: 5563

Altars:


Innate Abilities, Weirdness & Mutations

You have an unusually large brain. (Int +2)


Message History

You hit the jackal but do no damage. Your punch misses the jackal.
The jackal is moderately wounded.
The jackal closely misses you. x2
Unknown command.
You hit the jackal.
The jackal is almost dead.
The jackal barely misses you.
Unknown command.
You hit the jackal.
You kill the jackal!
The endoplasm jiggles.
Unknown command.
You hit the endoplasm but do no damage. The endoplasm freezes you.
You are frozen.
* * * LOW HITPOINT WARNING * * *
Unknown command.
The endoplasm attacks as you move away! The endoplasm barely misses you.
The endoplasm attacks as you move away!
The endoplasm hits you but does no damage.
The endoplasm attacks as you move away! The endoplasm barely misses you.
The endoplasm attacks as you move away! The endoplasm hits you.
* * * LOW HITPOINT WARNING * * *
You cannot cast spells when silenced!
Unknown command.
You cannot cast spells when silenced!
The endoplasm attacks as you move away!
The endoplasm hits you but does no damage.
You cannot cast spells when silenced!
You cannot cast spells when silenced!
Found a sling.
You cannot cast spells when silenced!
The endoplasm jiggles.
You cannot cast spells when silenced!
You cannot cast spells when silenced!
An endoplasm comes into view.
The endoplasm quivers.
The endoplasm closely misses you. The endoplasm attacks as you move away!
The endoplasm hits you.
You die...

#.......##.#.#.######
..
#.......#..#.#......#
..
#####...#.##.######.#
##..#.##.# #..#.##.#
#.##.# #l# ####J#
#..@.# #..### #.J
#... #.... ...###
.).. ###


You could see 2 endoplasms and a frilled lizard.

Vanquished Creatures
  An endoplasm (D:1)
  A giant cockroach (D:1)
  3 jackals (D:1)
  A ball python (D:1)
  A bat (D:1)
  A frilled lizard (D:1)
  A kobold (D:1)
9 creatures vanquished.

Notes
Turn   | Place    | Note
-------+----------+-------------------------------------------
     0 | D:1      | protoss039 the Demonspawn Earth Elementalist began the
                  | quest for the Orb.
     0 | D:1      | Reached XP level 1. HP: 13/13 MP: 3/3
   414 | D:1      | Gained mutation: You have an unusually large brain. (Int
                  | +2) [demonic ancestry]
   414 | D:1      | Reached XP level 2. HP: 7/20 MP: 1/5
   425 | D:1      | HP: 1/20 [endoplasm (1)]
   431 | D:1      | Slain by an endoplasm

Illustrated notes

Levels and vault maps discovered:
D:1:      minmay_arrival_stone_box, layout_basic,
          hellmonk_ecumenical_altar_prayer_group

Action                   || total
-------------------------++-------
Melee: Unarmed           ||     3
       Short sword       ||     8
 Cast: Sandblast         ||    11
  Use: Scroll            ||     1
Armor: Robe              ||    14
Dodge: Dodged            ||    25
